 Dungeon Crawl Stone Soup version 0.31.0-11-ge490571c62 (webtiles) character file.

Game seed: 13889956265074945984

51871 Flugkiller the Convoker (level 14, 0/66 HPs)
             Began as a Vine Stalker Ice Elementalist on Feb 3, 2024.
             Was a High Priest of Sif Muna.
             Killed from afar by an ice dragon (36 damage)
             ... with a blast of cold
             ... on level 9 of the Dungeon.
             The game lasted 00:38:08 (5291 turns).

Flugkiller the Convoker (VSIE)                      Turns: 5291, Time: 00:38:09

Health: 0/66       AC: 14    Str: 15    XL:     14   Next: 17%
Magic:  0/31       EV: 14    Int: 19    God:    Sif Muna [*****.]
Gold:   552        SH:  0    Dex: 17    Spells: 10/37 levels left

rFire   . . .        F - +3 glaive (flame)
rCold   . . .        (shield currently unavailable)
rNeg    . . .        f - +4 robe of the Sneaky Xenophobes {Dex+2}
rPois   +            (no helmet)
rElec   .            e - +0 cloak
rCorr   .            g - +1 pair of gloves
SInv    .            v - +0 pair of boots
Will    +....        k - amulet of regeneration
Stlth   ++           p - +4 ring of protection
HPRegen 1.91/turn    C - ring of Ipuov {rPois Str+3}
MPRegen 0.22/turn

%: guardian spirit
@: no status effects
A: fangs 3, regeneration 1, magic shield, antimagic bite, no potion heal 2
a: Renounce Religion, Channel Magic, Forget Spell, Divine Exegesis


You were on level 9 of the Dungeon.
You worshipped Sif Muna.
Sif Muna was extremely pleased with you.
You visited 3 branches of the dungeon, and saw 15 of its levels.
You also visited: Sewer.

You collected 552 gold pieces.

Inventory:

Hand Weapons
 c - a +3 war axe
   (You found it on level 2 of the Dungeon)
 j - a +0 short sword of venom
   (You took it off a kobold in a sewer)
 m - a +4 short sword
   (You took it off a kobold in a sewer)
 F - a +3 glaive of flaming (weapon)
   (You found it on level 5 of the Lair of Beasts)
Missiles
 n - a curare-tipped dart (quivered)
Armour
 e - a +0 cloak (worn)
   (You found it on level 2 of the Dungeon)
 f - the +4 robe of the Sneaky Xenophobes (worn) {Dex+2}
   (You found it on level 3 of the Dungeon)

   Dex+2:     It affects your dexterity (+2).
 g - a +1 pair of gloves (worn)
   (You found it on level 4 of the Dungeon)
 o - a +2 leather armour of fire resistance
   (You took it off Eustachio on level 6 of the Dungeon)
 v - a +0 pair of boots (worn)
   (You found it on level 7 of the Dungeon)
Magical Staves
 a - a staff of fire
   (You found it on level 4 of the Dungeon)
 B - a staff of conjuration
   (You found it on level 3 of the Lair of Beasts)
Jewellery
 h - an amulet of reflection
   (You found it on level 8 of the Dungeon)
 k - an amulet of regeneration (around neck)
   (You found it on level 8 of the Dungeon)
 p - a +4 ring of protection (left hand)
   (You found it on level 4 of the Dungeon)
 C - the ring of Ipuov (right hand) {rPois Str+3}
   (You acquired it on level 4 of the Lair of Beasts)

   [ring of poison resistance]

   Str+3:     It affects your strength (+3).
   rPois:     It protects you from poison
Wands
 l - a wand of iceblast (15)
   (You found it on level 3 of the Lair of Beasts)
 s - a wand of light (2)
   (You found it on level 2 of the Lair of Beasts)
 A - a wand of flame (12)
   (You found it on level 4 of the Lair of Beasts)
 E - a wand of mindburst (11)
   (You found it on level 5 of the Lair of Beasts)
Scrolls
 t - 6 scrolls of teleportation
 w - 4 scrolls of fear
 x - 2 scrolls of enchant armour
 y - 2 scrolls of fog
 z - a scroll of summoning
 G - 2 scrolls of enchant weapon {unknown}
Potions
 b - 4 potions of magic
 d - 5 potions of cancellation
 i - 5 potions of invisibility
 q - 3 potions of curing
 r - a potion of might {unknown}
 u - a potion of enlightenment {unknown}
 D - 3 potions of mutation
 H - a potion of haste {unknown}


   Skills:
 - Level 4.0 Fighting
 - Level 4.0 Dodging
 - Level 2.4 Stealth
 - Level 12.0 Spellcasting
 + Level 18.0 Summonings
 - Level 2.0 Fire Magic
 - Level 7.0 Ice Magic
 - Level 2.0 Air Magic
 - Level 6.0 Invocations


You had 10 spell levels left.
You knew the following spells:

 Your Spells              Type           Power      Damage    Failure   Level
a - Freeze                Ice            100%       1d10      1%          1
b - Frozen Ramparts       Ice            76%        1d12      1%          3
c - Ozocubu's Armour      Ice            38%        N/A       1%          3
d - Summon Ice Beast      Ice/Summ       56%        N/A       1%          3
e - Summon Lightning Spi  Summ/Air       49%        N/A       1%          4
f - Summon Blazeheart Go  Fire/Summ      49%        N/A       1%          4
g - Hailstorm             Conj/Ice       24%        3d7       4%          3
h - Summon Cactus Giant   Summ           34%        N/A       1%          6

Your spell library contained the following spells:

 Spells                   Type           Power      Damage    Failure   Level
 Summon Small Mammal      Summ           100%       N/A       0%          1
 Call Imp                 Summ           100%       N/A       0%          2
 Call Canine Familiar     Summ           68%        N/A       0%          3
 Animate Armour           Summ/Erth      90%        N/A       1%          4
 Martyr's Knell           Necr/Summ      45%        N/A       1%          4
 Scorch                   Fire           38%        2d6       4%          2
 Static Discharge         Conj/Air       30%        3-5/arc   6%          2
 Cigotuvi's Dreadful Rot  Necr/Alch/Air  26%        N/A       7%          2
 Gell's Gravitas          Tloc           11%        N/A       19%         3
 Airstrike                Air            9%         2d(2-18)  26%         4
 Flame Wave               Conj/Fire      15%        2d7       36%         4
 Vhi's Electric Charge    Tloc/Air       30%        N/A       36%         4
 Iskenderun's Mystic Bla  Conj/Tloc      11%        2d4       52%         4
 Olgreb's Toxic Radiance  Alch           11%        N/A       52%         4
 Arcjolt                  Conj/Air       7%         1d17      73%         5
 Curse of Agony           Necr           11%        N/A       86%         5
 Ozocubu's Refrigeration  Ice            19%        4d11      96%         7
 Dragon's Call            Summ           34%        N/A       98%         9
 Plasma Beam              Fire/Air       9%         2x1d20    99%         6
 Discord                  Hex            5%         N/A       100%        8
 Death's Door             Necr           5%         N/A       100%        9


Dungeon Overview and Level Annotations

Branches:
Dungeon (9/15) Zot: 26851  Temple (1/1) D:4 Zot: 5896    Lair (5/5) D:8 Zot: 25862
  Swamp (0/4) Lair:3        Slime (0/5) Lair:5        Sewer (visited)
  Snake: Lair:2-3    Spider: Lair:2-3       Orc: D:9-12

Altars:
Cheibriados
Dithmenos
Elyvilon
Fedhas
Gozag
Kikubaaqudgha
Makhleb
Okawaru
Ru
Sif Muna
Trog
Uskayaw
Vehumet
Xom
Zin

Annotations:
D:6 Jeremiah
D:7 2 transporters, TobyConnect's ghost, novice MiFi
Lair:3 spider


Innate Abilities, Weirdness & Mutations

You have razor-sharp teeth.
Your natural rate of healing is unusually fast.
When hurt, damage is shared between your health and your magic reserves.
Your bite disrupts and absorbs the magic of your enemies.
Potions cannot restore your health.


Message History

Found 14 gold pieces.
You have 538 gold pieces.
Unknown command.
You now have 552 gold pieces (gained 14).
You open the door.
There is an open door here.
You open the door.
There is an open door here.
You open the door.
A centaur simulacrum and a two-headed ogre come into view.
Found a runed translucent door.
There is an open door here.
The two-headed ogre shouts in stereo!
Casting: Summon Cactus Giant (dangerous; 1% risk of failure)
Confirm with . or Enter, or press ? or * to list all spells.
The centaur simulacrum hits you but does no damage.
The centaur simulacrum kicks you. The centaur simulacrum freezes you!
Casting: Summon Cactus Giant (dangerous; 1% risk of failure)
Confirm with . or Enter, or press ? or * to list all spells.
A film of ice covers your body! The centaur simulacrum hits you.
The centaur simulacrum freezes you!
The centaur simulacrum closely misses you.
Something hits your cactus giant!! Something hits your cactus giant!
Your cactus giant hits the centaur simulacrum with a +0 giant spiked club!!
The centaur simulacrum vaporises!
Sif Muna accepts your kill.
Your icy armour cracks and falls away as you move.
The two-headed ogre is struck by your cactus giant's spines.
The two-headed ogre hits your cactus giant with a +0 giant spiked club!
The two-headed ogre hits your cactus giant with a +0 giant spiked club.
The two-headed ogre is struck by your cactus giant's spines.
The two-headed ogre hits your cactus giant with a +0 giant spiked club!
The two-headed ogre hits your cactus giant with a +0 giant spiked club!!
Your cactus giant hits the two-headed ogre with a +0 giant spiked club!!
The two-headed ogre is struck by your cactus giant's spines.
The two-headed ogre dies!
Sif Muna accepts your kill.
Your Summonings skill increases to level 18!
You swap places.
There is an open door here.
Things that are here:
a +0 giant spiked club; a +0 giant spiked club
There is an open door here.
Unknown command.
Casting: Ozocubu's Armour (safe; 1% risk of failure)
Confirm with . or Enter, or press ? or * to list all spells.
Your cactus giant disappears in a puff of smoke!
You open the door.
Unknown command.
There is an open door here.
Your cactus giant hits the skeletal warrior but does no damage.
The skeletal warrior is struck by your cactus giant's spines.
The skeletal warrior hits your cactus giant with a +0 halberd!
The skeletal warrior barely misses your cactus giant.
The skeletal warrior is struck by your cactus giant's spines.
The skeletal warrior hits your cactus giant with a +0 halberd!!
Your cactus giant barely misses the skeletal warrior.
The skeletal warrior is struck by your cactus giant's spines.
The skeletal warrior hits your cactus giant with a +0 halberd!
The skeletal warrior is struck by your cactus giant's spines.
The skeletal warrior hits your cactus giant with a +0 halberd!
There is an open door here.
The skeletal warrior is struck by your cactus giant's spines.
The skeletal warrior is destroyed!
Sif Muna accepts your kill.
Unknown command.
You swap places.
There is an open door here.
There is an open translucent door here.
You see here a +0 halberd.
Casting: Summon Cactus Giant (dangerous; 1% risk of failure)
Confirm with . or Enter, or press ? or * to list all spells.
You hear a shout!
Your cactus giant disappears in a puff of smoke!
You hear a deafening roar!
You hear a shout!
A deep elf pyromancer comes into view. It is wielding a +0 short sword.
There is an open door here.
An ice dragon comes into view.
There is an open door here.
You swap places.
There is an open door here.
Something bites your cactus giant! Something claws your cactus giant!
Something tramples your cactus giant.
Your cactus giant holds its ground!
Your cactus giant closely misses the ice dragon.
There is an open translucent door here.
You see here a +0 halberd.
The ice dragon breathes frost at you.
The blast of cold hits your cactus giant!!!
The blast of cold hits you!!!
Ouch! That really hurt!
Something bites your cactus giant! Something claws your cactus giant.
Something tramples your cactus giant!
Your cactus giant stumbles backwards!
Your cactus giant is destroyed!
Your cactus giant disappears in a puff of smoke!
There is an open door here.
There is an open door here.
The ice dragon breathes frost at you. The blast of cold hits you!!!
Ouch! That really hurt!
You die...

########## #..#.§#..#
#..D..D..# ##'####D##.#
#).# #8.#.# #..# #D8#.#
##'# #e##.# ####+ #
#@.# '..#.# #.... #.
#..# #..#.# #....
#..#'########.# #....
###.............###....
#.............#...'....
#.#...........'.###....
#.≈≈≈≈........### #....
#.≈...........# ##'##
##≈≈≈≈#+####### #.##


You could see an ice dragon (catching breath).

Vanquished Creatures
  A hydra (Lair:2)
  6 death yaks
  3 skysharks
  A goliath frog (Lair:3)
  4 elephants (Lair:4)
  5 black mambas
  8 cane toads
  6 komodo dragons
  4 torpor snails
  A red devil (D:8)
  A rime drake (Lair:1)
  10 blink frogs
  2 hornets (Lair:5)
  4 dream sheep
  2 snapping turtles (Lair:5)
  2 culicivoras (Lair:3)
  35 yaks
  A wyvern (Lair:2)
  2 water moccasins
  A sky beast (Temple)
  A black bear (D:4)
  3 wolves (Lair:3)
  3 kobold brigands
  5 bullfrogs
  A howler monkey (D:9)
  A bombardier beetle (D:7)
  3 jellies
  A sleepcap (D:7)
  4 hounds
  An iguana (D:4)
  An orc wizard (D:8)
  A hell rat (Lair:5)
  10 adders
  A gnoll (D:4)
  4 river rats (Sewer)
  2 white imps
  A ribbon worm (D:4)
  5 orcs
  7 ball pythons
  A bat (D:2)
  5 endoplasms
  A giant cockroach (D:4)
  7 goblins
  5 hobgoblins
  A quokka (D:2)
  5 frilled lizards
  33 kobolds
  24 rats (Sewer)
236 creatures vanquished.

Vanquished Creatures (collateral kills)
  2 hydras
  2 two-headed ogres (D:9)
  A merfolk avatar (Lair:5)
  3 death yaks
  A skyshark (Lair:5)
  A skeletal warrior (D:9)
  2 elephants (Lair:5)
  8 cane toads
  4 rime drakes
  A komodo dragon (Lair:5)
  2 red devils (D:8)
  A wind drake (Lair:5)
  2 dream sheep
  9 blink frogs
  2 jumping spiders (Lair:3)
  13 yaks
  A wyvern (Lair:3)
  A nameless horror (Lair:3)
  Eustachio (D:6)
  2 redbacks (Lair:3)
  2 basilisks
  A steam dragon (Lair:5)
  2 water moccasins
  An orc warrior (D:8)
  2 black bears
  A wolf (Lair:3)
  4 bullfrogs
  A wight (D:7)
  3 jellies (Lair:5)
  An orc priest (D:7)
  3 hell rats (Lair:5)
  A centaur simulacrum (D:9)
  2 orcs (D:7)
  2 kobolds (D:6)
85 creatures vanquished.

Vanquished Creatures (others)
  20 blazeheart cores
20 creatures vanquished.

Grand Total: 341 creatures vanquished

Notes
Turn   | Place    | Note
-------+----------+-------------------------------------------
     0 | D:1      | Flugkiller the Vine Stalker Ice Elementalist began the
                  | quest for the Orb.
     0 | D:1      | Reached XP level 1. HP: 9/9 MP: 4/4
   143 | D:2      | Reached XP level 2. HP: 13/13 MP: 4/6
   216 | D:3      | Reached XP level 3. HP: 16/16 MP: 4/8
   265 | D:4      | Noticed a black bear
   280 | D:5      | Entered Level 5 of the Dungeon
   280 | D:5      | Noticed a sky beast
   306 | D:4      | Found a staircase to the Ecumenical Temple.
   315 | Temple   | Entered the Ecumenical Temple
   330 | Temple   | Killed a sky beast
   331 | Temple   | Reached skill level 5 in Ice Magic
   331 | Temple   | Reached XP level 4. HP: 16/21 MP: 0/10
   331 | Temple   | Reached XP level 5. HP: 19/24 MP: 0/11
   343 | Temple   | Became a worshipper of Sif Muna the Loreminder
   348 | Temple   | Learned a level 3 spell: Frozen Ramparts
   352 | Temple   | Learned a level 3 spell: Ozocubu's Armour
   356 | Temple   | Learned a level 3 spell: Summon Ice Beast
   468 | D:3      | Found a white marble altar of Elyvilon.
   469 | D:3      | Identified the +4 robe of the Sneaky Xenophobes {Dex+2}
   687 | D:4      | Reached XP level 6. HP: 26/28 MP: 8/14
   687 | D:4      | Found a burning altar of Makhleb.
   765 | D:4      | Found an iron altar of Okawaru.
   773 | D:4      | Reached skill level 5 in Spellcasting
   810 | D:4      | Killed a black bear
   811 | D:4      | Reached XP level 7. HP: 27/32 MP: 3/16
   846 | D:4      | Found a glowing drain.
   856 | Sewer    | Entered a sewer
   892 | Sewer    | Reached * piety under Sif Muna
  1035 | Sewer    | Reached ** piety under Sif Muna
  1283 | D:6      | Noticed Eustachio
  1333 | D:6      | Killed Eustachio
  1334 | D:6      | Reached skill level 1 in Invocations
  1334 | D:6      | Gained mutation: You have razor-sharp teeth. [Vine Stalker
                  | growth]
  1334 | D:6      | Reached XP level 8. HP: 37/37 MP: 8/18
  1342 | D:6      | Noticed Jeremiah
  1397 | D:7      | Reached skill level 1 in Fighting
  1397 | D:7      | Reached skill level 1 in Summonings
  1445 | D:7      | Noticed a gargoyle
  1453 | D:7      | Noticed TobyConnect's ghost (novice MiFi)
  1467 | D:6      | Reached *** piety under Sif Muna
  1570 | D:7      | Found a transporter.
  1571 | D:7      | Noticed a yak
  1582 | D:7      | Found a transporter.
  1605 | D:7      | Reached skill level 2 in Summonings
  1652 | D:7      | Found a bloodstained altar of Trog.
  1669 | D:8      | Learned a level 4 spell: Summon Lightning Spire
  1687 | D:8      | Found an ancient bone altar of Kikubaaqudgha.
  1687 | D:8      | Found a blossoming altar of Fedhas.
  1763 | D:8      | Found a sacrificial altar of Ru.
  1845 | D:8      | Noticed a troll
  1849 | D:8      | Noticed a komodo dragon
  1956 | D:8      | Noticed a red devil
  1979 | D:8      | Killed a red devil
  1980 | D:8      | Reached skill level 3 in Summonings
  1980 | D:8      | Reached XP level 9. HP: 38/42 MP: 9/20
  2016 | D:8      | Found a staircase to the Lair.
  2036 | Lair:1   | Entered Level 1 of the Lair of Beasts
  2048 | Lair:1   | Noticed a rime drake
  2058 | Lair:1   | Killed a rime drake
  2059 | Lair:1   | Reached skill level 5 in Invocations
  2095 | Lair:1   | Noticed a komodo dragon
  2097 | Lair:1   | Reached skill level 4 in Summonings
  2162 | Lair:1   | Noticed a cane toad
  2178 | Lair:1   | Killed a cane toad
  2178 | Lair:1   | Reached **** piety under Sif Muna
  2268 | Lair:1   | Learned a level 4 spell: Summon Blazeheart Golem
  2275 | Lair:1   | Learned a level 3 spell: Hailstorm
  2328 | Lair:2   | Noticed a komodo dragon
  2362 | Lair:2   | Killed a komodo dragon
  2363 | Lair:2   | Reached skill level 5 in Summonings
  2442 | Lair:2   | Noticed a cane toad
  2456 | Lair:2   | Killed a cane toad
  2457 | Lair:2   | Reached skill level 6 in Summonings
  2462 | Lair:2   | Reached skill level 7 in Summonings
  2462 | Lair:2   | Reached XP level 10. HP: 39/46 MP: 18/23
  2501 | Lair:2   | Reached skill level 8 in Summonings
  2510 | Lair:2   | Reached skill level 1 in Fire Magic
  2510 | Lair:2   | Reached skill level 1 in Air Magic
  2549 | Lair:2   | Noticed a torpor snail
  2574 | Lair:2   | Killed a torpor snail
  2575 | Lair:2   | Reached skill level 9 in Summonings
  2584 | Lair:2   | Found an iron altar of Okawaru.
  2612 | Lair:2   | Noticed a cane toad
  2619 | Lair:2   | Killed a cane toad
  2621 | Lair:2   | Noticed a seven-headed hydra
  2630 | Lair:2   | Killed a seven-headed hydra
  2631 | Lair:2   | Reached XP level 11. HP: 53/53 MP: 16/25
  2742 | Lair:2   | Reached skill level 10 in Spellcasting
  2742 | Lair:2   | Reached skill level 10 in Summonings
  2921 | Lair:2   | Reached ***** piety under Sif Muna
  2969 | Lair:3   | Noticed a death yak
  2969 | Lair:3   | Noticed a death yak
  2969 | Lair:3   | Noticed a death yak
  2969 | Lair:3   | Noticed a death yak
  2969 | Lair:3   | Noticed a death yak
  2969 | Lair:3   | Noticed a death yak
  3171 | Lair:3   | Reached skill level 11 in Summonings
  3252 | Lair:4   | Reached skill level 12 in Summonings
  3253 | Lair:4   | Reached XP level 12. HP: 44/58 MP: 4/27
  3336 | Lair:4   | Noticed an eight-headed hydra
  3374 | Lair:4   | Killed an eight-headed hydra
  3464 | Lair:3   | Noticed an eight-headed hydra
  3472 | Lair:3   | Killed an eight-headed hydra
  3564 | Lair:3   | Reached skill level 13 in Summonings
  3773 | Lair:3   | Found a staircase to the Swamp.
  3914 | Lair:4   | Received a gift from Sif Muna
  3915 | Lair:4   | Got Sif Muna's Incunabulum of the Decaying Flock {god gift}
  4005 | Lair:4   | Reached skill level 14 in Summonings
  4021 | Lair:5   | Entered Level 5 of the Lair of Beasts
  4028 | Lair:5   | Noticed a death yak
  4086 | Lair:4   | Reached XP level 13. HP: 61/61 MP: 12/30
  4153 | Lair:4   | Identified a scroll of acquirement
  4232 | Lair:4   | Reached skill level 15 in Summonings
  4495 | Lair:5   | Acquired the ring of Ipuov {rPois Str+3}
  4503 | Lair:5   | Acquired a book of Scorching
  4512 | Lair:5   | Learned a level 6 spell: Summon Cactus Giant
  4534 | Lair:5   | Reached skill level 16 in Summonings
  4702 | Lair:5   | Got an earthy gem with 916 turns to spare
  4791 | Lair:5   | Found a staircase to the Slime Pits.
  4904 | Lair:3   | Reached skill level 17 in Summonings
  4920 | Lair:3   | Reached XP level 14. HP: 45/66 MP: 4/31
  5186 | D:9      | Received a gift from Sif Muna
  5187 | D:9      | Got Peluimu's Monograph on the Displaced Damned {god gift}
  5244 | D:9      | Found a runed translucent door.
  5255 | D:9      | Reached skill level 18 in Summonings
  5291 | D:9      | Killed from afar by an ice dragon

Illustrated notes

Levels and vault maps discovered:
D:1:      dpeg_arrival_houses_and_road, layout_loops_ring,
          basic_ecumenical_altar, glass_columns_b
D:2:      layout_rooms, minmay_pentomino_t4
D:3:      minmay_angry_zag, layout_basic, tso_oasis_becter, lemuel_round_altar,
          mainiacjoe_overflow_alcove_4
D:4:      layout_loops_ring, okawaru_altar_gauntlet_db,
          makhleb_blood_cavern_becter, minmay_temple_entry_statues_fountains,
          cheibrodos_sewer_entry_bend, serial_bayou_pond_c, minmay_unequal
D:5:      layout_loops_ring
D:6:      layout_cave_pods, minmay_manual_maat, uniq_eustachio, uniq_jeremiah
D:7:      layout_basic, mainiacjoe_overflow_boulevard, grunt_qazlal_sundering,
          gammafunk_ghost_arena, uniq_maggie, uniq_crazy_yiuf_cottage
D:8:      layout_cave_pods, grunt_temple_overflow_growth_and_decay,
          pdpol_wu_jian_five_deadly_venoms, nicolae_ru_great_annihilating_truth,
          nemelex_diamond_rough_becter, david_lair_shrubbed,
          einodemon_armed_red_devil_minivault
D:9:      layout_roguey, mainiacjoe_overflow_tiny_flanked,
          nzn_hepliaklqana_mist_gate, chequers_serial_rivers_micro_d,
          minivault_13
Temple:   nicolae_temple_colour_theory
Lair:1:   layout_roguey, uniq_gastronok
Lair:2:   layout_regular_city, basic_altar, grunt_megastairs_2
Lair:3:   layout_gridlike, mainiacjoe_swamp_entry_lozenge_pond,
          nicolae_spider_entry_tight_spaces, uniq_prince_ribbit2
Lair:4:   layout_small_grid
Lair:5:   gammafunk_lair_ancient_temple, layout_concentric_octagons,
          nicolae_slime_entry_field_trip, lemuel_fruit_tree

Skill      XL: |  1  2  3  4  5  6  7  8  9 10 11 12 13 14 |
---------------+-------------------------------------------+-----
Spellcasting   | 3 4 5 6 7 8 9 10 12 | 12.0
Ice Magic      | 5 6 7 |  7.0
Invocations    | 1 4 6 |  6.0
Fighting       | 2 3 4 |  4.0
Summonings     | 3 7 9 12 14 17 18 | 18.0
Fire Magic     | 2 |  2.0
Air Magic      | 2 |  2.0
Dodging        | 4 |  4.0
Stealth        | |  2.4

Action                     |  1- 3 |  4- 6 |  7- 9 | 10-12 | 13-15 || total
---------------------------+-------+-------+-------+-------+-------++-------
  Melee: War axe           |    28 |    32 |   106 |    97 |    18 ||   281
         Bite              |     6 |    11 |    28 |    43 |    17 ||   105
         Punch             |       |       |     1 |     2 |       ||     3
         Glaive            |       |       |       |       |    31 ||    31
   Cast: Freeze            |    12 |       |     3 |    15 |     9 ||    39
         Frozen Ramparts   |       |    10 |    21 |    22 |    15 ||    68
         Ozocubu's Armour  |       |     1 |     6 |    16 |    11 ||    34
         Summon Ice Beast  |       |       |    24 |    17 |     2 ||    43
         Summon Lightning  |       |       |     1 |    25 |    11 ||    37
         Summon Blazeheart |       |       |       |    16 |     8 ||    24
         Hailstorm         |       |       |       |       |     7 ||     7
         Summon Cactus Gia |       |       |       |       |    14 ||    14
 Invoke: Channel Magic     |       |       |       |     3 |     3 ||     6
  Evoke: Wand              |       |       |       |     3 |     5 ||     8
    Use: Scroll            |       |     1 |     4 |     3 |     6 ||    14
         Potion            |       |       |     2 |     1 |       ||     3
   Stab: Sleeping          |       |     1 |     3 |       |       ||     4
         Distracted        |       |       |     2 |     1 |     1 ||     4
 Armour: Robe              |    36 |    50 |   121 |   161 |    96 ||   464
  Dodge: Dodged            |    34 |    44 |   114 |   103 |    93 ||   388
  Block: Other             |       |       |     1 |       |       ||     1
